 Dungeon Crawl Stone Soup version 0.22-a0-782-g038298e (webtiles) character file.

378 Gaball the Firebug (level 6, -4/32 HPs)
             Began as a Tengu Fire Elementalist on July 19, 2018.
             Shot with an arrow by a centaur (10 damage)
             ... on level 5 of the Dungeon.
             The game lasted 00:11:31 (3753 turns).

Gaball the Firebug (Tengu Fire Elementalist)        Turns: 3753, Time: 00:11:31

Health: -4/32      AC:  2    Str:  7 (8)  XL:     6   Next: 74%
Magic:  3/12       EV: 13    Int: 18      God:
Gold:   460        SH:  0    Dex: 14      Spells: 3/12 levels left

rFire    . . .     SeeInvis .   b - +2 hand axe (flame)
rCold    . . .     Gourm    .   (no shield)
rNeg     . . .     Faith    .   a - +0 robe
rPois    .         Spirit   .   (helmet restricted)
rElec    .         Reflect  .   (no cloak)
rCorr    .         Harm     .   (no gloves)
MR       .....                  (boots unavailable)
Stlth    ++........             (no amulet)
HPRegen  0.10/turn              (no ring)
MPRegen  0.13/turn              (no ring)

@: very slightly contaminated
A: beak, talons 3, able to fly 1
a: Fly


You were on level 5 of the Dungeon.
You were not hungry.

You visited 1 branch of the dungeon, and saw 5 of its levels.
You also visited: Ossuary.

You collected 460 gold pieces.

Inventory:

Hand Weapons
 b - a +2 hand axe of flaming (weapon)
 f - a +0 dagger of distortion
Armour
 a - a +0 robe (worn)
Wands
 r - a wand of acid (10)
 y - a wand of digging (9)
Scrolls
 d - 2 scrolls of noise {unknown}
 e - 3 scrolls of random uselessness {unknown}
 g - a scroll of enchant weapon {unknown}
 h - 2 scrolls of fog {unknown}
 j - 3 scrolls of teleportation {unknown}
 k - 7 scrolls of identify {unknown}
 l - a scroll of remove curse {unknown}
 o - 2 scrolls of immolation {unknown}
 p - a scroll of fear {unknown}
 q - a scroll of blinking {unknown}
 s - 2 scrolls of amnesia {unknown}
 v - a scroll of summoning {unknown}
Potions
 i - 2 potions of heal wounds {unknown}
 m - 2 potions of degeneration
 n - 2 potions of agility
 t - a potion of haste {unknown}
 u - a potion of mutation {unknown}
 w - 2 potions of flight {unknown}
 x - 3 potions of brilliance {unknown}
 z - a potion of curing {unknown}
Comestibles
 c - 11 rations
 A - 2 chunks of flesh


   Skills:
 + Level 0.0 Fighting
 - Level 3.4 Dodging
 - Level 2.0 Stealth
 + Level 3.7 Spellcasting
 + Level 4.3 Conjurations
 + Level 5.3 Fire Magic


You had 3 spell levels left.
You knew the following spells:

 Your Spells              Type           Power        Failure   Level  Hunger
a - Flame Tongue          Conj/Fire      ###..        1%          1    None
b - Conjure Flame         Conj/Fire      ###.....     6%          3    ###....
c - Fireball              Conj/Fire      ###.......   50%         5    ######.

Your spell library contained the following spells:

 Spells                   Type           Power        Failure   Level  Hunger
 Throw Flame              Conj/Fire      ###...       3%          2    ##.....
 Sticky Flame             Conj/Fire      ###.....     21%         4    ####...
 Inner Flame              Hex/Fire       ##......     16%         3    ###....


Dungeon Overview and Level Annotations

Branches:
Dungeon (5/15)
 Temple: D:4-7

Altars:
Elyvilon
Gozag
The Shining One


Innate Abilities, Weirdness & Mutations

You have a beak for a mouth.
You have claws for feet.
You can fly.


Message History

Casting: Conjure Flame (safe; 6% risk of failure)
Confirm with . or Enter, or press ? or * to list all spells.
Aiming: Conjure Flame (safe; 6% risk of failure)
Press: ? - help, Dir - move target cursor You miscast Conjure Flame.
Sparks fly from your hands!
The centaur shoots an arrow.
The arrow hits you! The arrow burns you.
Casting: Conjure Flame (safe; 6% risk of failure)
Confirm with . or Enter, or press ? or * to list all spells.
Aiming: Conjure Flame (safe; 6% risk of failure)
Press: ? - help, Dir - move target cursor The fire ignites!
The centaur shoots an arrow.
The arrow barely misses you.
The centaur shoots an arrow.
The arrow hits you! The arrow burns you.
* * * LOW HITPOINT WARNING * * *
The centaur shoots an arrow.
The arrow hits you.
* * * LOW HITPOINT WARNING * * *
The arrow burns you.
* * * LOW HITPOINT WARNING * * *
You see here an arrow.
The centaur shoots an arrow.
The arrow hits you!
You die...

..# ..<.# ..# #
#.#.# ..# .
#.#.#c# # ..#
...##.#.#ยง###....
#.###
........#........
....# #.(.####....
..#.# #.##(# #
###.# # #(# .##.#
#@# .##.# #.#
.##.# #########.#
....# #......##.#
.#### #.####.##.#
.### #.##......#
...#####.##.#.####
##............#
##############


You could see a centaur.

Vanquished Creatures
  A phantom (D:5)
  A hound (D:4)
  A worker ant (D:5)
  8 mummies (Ossuary)
  4 adders
  A shadow imp (D:5)
  An ooze (D:4)
  An adder skeleton (D:4)
  2 worms (D:4)
  A dart slug (D:3)
  2 leopard geckos
  4 orcs (D:3)
  3 ball pythons
  4 bats
  8 giant cockroaches
  2 gnoll zombies (Ossuary)
  8 goblins
  4 hobgoblins
  2 jackals (D:3)
  2 quokkas (D:4)
  3 frilled lizards
  2 hobgoblin zombies (Ossuary)
  6 kobolds
  A kobold zombie (Ossuary)
  2 leopard gecko skeletons
  3 orc zombies (Ossuary)
  10 rats
87 creatures vanquished.

Notes
Turn   | Place    | Note
-------+----------+-------------------------------------------
     0 | D:1      | Gaball the Tengu Fire Elementalist began the quest for the Orb.
     0 | D:1      | Reached XP level 1. HP: 10/10 MP: 4/4
   116 | D:1      | Reached XP level 2. HP: 14/15 MP: 3/6
   291 | D:1      | Reached skill level 4 in Fire Magic
   311 | D:1      | Reached XP level 3. HP: 17/19 MP: 1/7
   691 | D:2      | Learned a level 3 spell: Conjure Flame
   839 | D:2      | Found a white marble altar of Elyvilon.
   857 | D:2      | Found a glowing golden altar of the Shining One.
   919 | D:2      | Reached XP level 4. HP: 20/24 MP: 4/9
  1238 | D:3      | Found an opulent altar of Gozag.
  1431 | D:3      | Noticed an orc warrior
  2367 | D:4      | Gained mutation: You can fly. [Tengu growth]
  2367 | D:4      | Reached XP level 5. HP: 11/28 MP: 0/10
  2559 | D:4      | Found a sand-covered staircase.
  2726 | Ossuary  | Entered an ossuary
  3112 | Ossuary  | Reached skill level 5 in Fire Magic
  3114 | Ossuary  | Reached XP level 6. HP: 15/32 MP: 3/12
  3435 | D:4      | Found a glowing golden altar of the Shining One.
  3571 | D:5      | Entered Level 5 of the Dungeon
  3576 | D:5      | Noticed a phantom
  3594 | D:5      | Killed a phantom
  3731 | D:5      | Learned a level 5 spell: Fireball
  3753 | D:5      | Shot with an arrow by a centaur

Vault maps used:
D:1:      onia_arrival_larder
D:2:      minitemple
D:3:      minivault_19, grunt_gozag_breadcrumbs
D:4:      nicolae_ossuary_entry_false_entrances, nicolae_tso_swordbearing_angel
D:5:      slow_altar_2, kennysheep_mini_moat, first_ration
Ossuary:  ossuary_tomb_3

Skill      XL: |  1  2  3  4  5  6 |
---------------+-------------------+-----
Fire Magic     | 4 5 |  5.3
Conjurations   | 2 3 4 |  4.3
Spellcasting   | 3 |  3.7
Dodging        | 3 |  3.4
Stealth        | |  2.0

Action                   |  1- 3 |  4- 6 || total
-------------------------+-------+-------++-------
Melee: Unarmed           |     8 |       ||     8
       Peck              |     4 |     1 ||     5
       Kick              |     3 |     3 ||     6
       Hand axe          |    18 |    38 ||    56
 Cast: Flame Tongue      |    42 |   113 ||   155
       Conjure Flame     |       |     6 ||     6
  Use: Potion            |       |     3 ||     3
 Stab: Sleeping          |     1 |       ||     1
  Eat: Chunk             |     1 |     9 ||    10
Armor: Robe              |     3 |    20 ||    23
       Skin              |       |    17 ||    17
Dodge: Dodged            |    27 |    79 ||   106

Table legend:
 A = Spawn XP
 B = Non-spawn XP
 C = Spawn XP percentage of total XP
 D = Spawn monster count
 E = Non-spawn monster count
 F = Spawn count percentage of total count
 G = Total turns spent on level
                    A         B        C        D         E        F      G
               +---------+---------+-------+---------+---------+-------+---------
         Total |       0 |     541 |   0.0 |       0 |      87 |   0.0 |  3753
               +---------+---------+-------+---------+---------+-------+---------
           D:1 |       0 |      43 |   0.0 |       0 |      28 |   0.0 |   529
           D:2 |       0 |      42 |   0.0 |       0 |      10 |   0.0 |   934
           D:3 |       0 |      52 |   0.0 |       0 |      19 |   0.0 |   649
           D:4 |       0 |      83 |   0.0 |       0 |      10 |   0.0 |   867
           D:5 |       0 |     167 |   0.0 |       0 |       4 |   0.0 |   182
       Ossuary |       0 |     154 |   0.0 |       0 |      16 |   0.0 |   592
               +---------+---------+-------+---------+---------+-------+---------
